 Dungeon Crawl Stone Soup version 0.23.0-42-geed6394 (webtiles) character file.

Game seed: 5718146922022807260

420 Lavandula the Slasher (level 6, -9/32 HPs)
             Began as a Vine Stalker Fighter on Feb 28, 2019.
             Mangled by an ogre
             ... wielding a +0 giant spiked club
              (24 damage)
             ... on level 4 of the Dungeon.
             The game lasted 00:06:04 (3153 turns).

Lavandula the Slasher (Vine Stalker Fighter)        Turns: 3153, Time: 00:06:05

Health: -9/32      AC:  7    Str: 18    XL:     6   Next: 94%
Magic:  0/7        EV:  2    Int:  8    God:
Gold:   198        SH:  9    Dex: 16    Spells: 5/5 levels left

rFire    . . .     SeeInvis .   a - +0 long sword
rCold    . . .     Gourm    +   c - +0 shield
rNeg     . . .     Faith    .   b - +0 scale mail
rPois    .         Spirit   +   (no helmet)
rElec    .         Reflect  .   (no cloak)
rCorr    .         Harm     .   (no gloves)
MR       +....                  s - +0 pair of boots
Stlth    ..........             p - amulet of the gourmand
HPRegen  0.50/turn              w - ring of protection from magic
MPRegen  0.10/turn              n - -5 ring of evasion (curse)

@: no status effects
A: fangs 2, regeneration 1, magic shield, antimagic bite, no potion heal 3, rot
immunity
a: no special abilities


You were on level 4 of the Dungeon.
You were hungry.

You visited 1 branch of the dungeon, and saw 4 of its levels.

You collected 198 gold pieces.

Inventory:

Hand Weapons
 a - a +0 long sword (weapon)
Missiles
 h - 7 tomahawks (quivered)
Armour
 b - a +0 scale mail (worn)
 c - a +0 shield (worn)
 s - a +0 pair of boots (worn)
Jewellery
 i - an uncursed ring of positive energy
 l - an uncursed ring of see invisible
 n - a cursed -5 ring of evasion (right hand)
 p - an amulet of the gourmand (around neck)
 w - a ring of protection from magic (left hand)
 B - an uncursed ring of positive energy
Wands
 z - a wand of digging (5)
Scrolls
 e - a scroll of amnesia {unknown}
 o - 2 scrolls of teleportation
 q - a scroll of fog
 r - a scroll of magic mapping
 u - a scroll of random uselessness {unknown}
 v - a scroll of enchant weapon {unknown}
 x - a scroll of remove curse {unknown}
 y - a scroll of fear {unknown}
 A - a scroll of identify
Potions
 d - 2 potions of might
 g - 2 potions of curing
 j - 2 potions of agility {unknown}
 k - a potion of invisibility {unknown}
 m - 4 potions of heal wounds {unknown}
 t - a potion of berserk rage {unknown}
Comestibles
 f - 10 rations


   Skills:
 - Level 2.6 Fighting
 + Level 6.5 Long Blades
 - Level 2.4 Armour
 - Level 2.6 Shields


You had 5 spell levels left.
You didn't know any spells.
Your spell library was empty.

Dungeon Overview and Level Annotations

Branches:
Dungeon (4/15)
 Temple: D:4-7

Altars:
Elyvilon
Kikubaaqudgha
Qazlal
Trog


Innate Abilities, Weirdness & Mutations

You have extremely sharp teeth.
Your natural rate of healing is unusually fast.
When hurt, damage is shared between your health and your magic reserves.
Your bite disrupts and absorbs the magic of your enemies.
Potions cannot restore your health.
You are immune to rotting.


Message History

The ogre hits you with a +0 giant spiked club.
You slash the ogre!
The ogre is heavily wounded.
The ogre hits you with a +0 giant spiked club!!
Ouch! That really hurt!
* * * LOW HITPOINT WARNING * * *
You are feeling hungry.
Throwing (i - inventory)
h - 8 tomahawks (quivered)
Press: ? - help, Shift-Dir - straight line, f/p - ogre
Aim: an ogre, wielding a +0 giant spiked club (heavily wounded)
You throw a tomahawk. The tomahawk barely misses the ogre.
You slash the ogre! You bite the ogre. You drain its power.
You feel invigorated.
The ogre is severely wounded.
The ogre hits you with a +0 giant spiked club!!
Ouch! That really hurt!
* * * LOW HITPOINT WARNING * * *
The ogre hits you with a +0 giant spiked club!!
Ouch! That really hurt!
You die...

#..[
#######.#############
(.......'.......##..#
........####....##♣.♣
.......## ##...##..#
......# #(..♣#♣.♣
##..?# #.......#
###+# #..#♣#♣.♣ # #.#
#...@O..#
#.##########.###♣.♣
##............# ###
##...###.._..###
#......##...##
...###.###### ...#
#.# ##.###.# ##.....#


You could see an ogre.

Vanquished Creatures
  A phantom (D:3)
  An ogre (D:4)
  Jessica (D:3)
  Natasha (thrice) (D:3)
  6 adders
  5 worms
  2 dart slugs (D:3)
  A leopard gecko (D:1)
  An orc (D:3)
  3 ball pythons
  10 bats
  4 giant cockroaches
  9 goblins
  5 hobgoblins
  8 jackals
  A frilled lizard (D:1)
  10 kobolds
  8 rats
79 creatures vanquished.

Notes
Turn   | Place    | Note
-------+----------+-------------------------------------------
     0 | D:1      | Lavandula the Vine Stalker Fighter began the quest for the
                  | Orb.
     0 | D:1      | Reached XP level 1. HP: 11/11 MP: 2/2
    35 | D:1      | Reached skill level 2 in Long Blades
   162 | D:1      | Reached XP level 2. HP: 16/16 MP: 3/3
   450 | D:1      | Reached skill level 3 in Long Blades
   512 | D:1      | Reached XP level 3. HP: 19/19 MP: 4/4
   837 | D:2      | Found an ancient bone altar of Kikubaaqudgha.
  1404 | D:2      | Gained mutation: Your natural rate of healing is unusually
                  | fast. [Vine Stalker growth]
  1404 | D:2      | Reached XP level 4. HP: 18/23 MP: 5/5
  1429 | D:2      | Reached skill level 4 in Long Blades
  2014 | D:3      | Reached XP level 5. HP: 15/27 MP: 6/6
  2072 | D:3      | Noticed Natasha
  2084 | D:3      | Killed Natasha
  2335 | D:3      | Noticed Natasha
  2344 | D:3      | Killed Natasha
  2344 | D:3      | Reached skill level 5 in Long Blades
  2378 | D:3      | Noticed Jessica
  2384 | D:3      | Killed Jessica
  2398 | D:3      | Noticed Natasha
  2406 | D:3      | Killed Natasha
  2406 | D:3      | Reached XP level 6. HP: 26/32 MP: 5/7
  2498 | D:3      | Noticed a phantom
  2519 | D:3      | Killed a phantom
  2519 | D:3      | Reached skill level 6 in Long Blades
  2733 | D:4      | Found a stormy altar of Qazlal.
  2848 | D:4      | Found a white marble altar of Elyvilon.
  3024 | D:4      | Found a bloodstained altar of Trog.
  3153 | D:4      | Mangled by an ogre

Skill      XL: |  1  2  3  4  5  6 |
---------------+-------------------+-----
Long Blades    | 2 3 4 5 6 |  6.5
Fighting       | |  2.6
Armour         | |  2.4
Shields        | |  2.6

Action                   |  1- 3 |  4- 6 || total
-------------------------+-------+-------++-------
Melee: Long sword        |    96 |   175 ||   271
       Bite              |    25 |    63 ||    88
Throw: Tomahawk          |       |     7 ||     7
  Use: Scroll            |     2 |     2 ||     4
       Potion            |     1 |       ||     1
  Eat: Chunk             |       |     7 ||     7
Armor: Scale mail        |    50 |    66 ||   116
Dodge: Dodged            |    21 |    11 ||    32
Block: Shield            |    58 |    80 ||   138
       Rpst.: Long sword |     7 |     5 ||    12
